Map: Vallée des cactus EC

Players

AgCl

  • Race: Protoss Protoss

Zerarax - Winner!

  • Race: Protoss Protoss

VOD

Have the link to the VOD?

Description

Time

  • Played on: May 12, 2015, 8:24 p.m.
  • Length: 29:00
Show
View Real Time Build Order
Export as new Build Order

AgCl Protoss 

Build Orders: Oracle Opening, Oracle Opening 

Get SALT Encoding   

  12  0:22  Pylon  
  12  0:36  Probe (Chrono Boost)  
  13  0:43  Assimilator  
  13  0:44  Gateway  
  13  0:48  Probe (Chrono Boost)  
  14  0:57  Probe (Chrono Boost)  
  15  1:05  Probe (Chrono Boost)  
  16  1:17  Probe (Chrono Boost), Pylon  
  17  1:27  Probe (Chrono Boost)  
  17  1:32  Cybernetics Core  
  18  1:34  Probe (Chrono Boost)  
  19  1:47  Probe (Chrono Boost)  
  20  1:55  Probe (Chrono Boost), Zealot  
  23  2:04  Probe  
  24  2:10  Assimilator  
  24  2:16  Probe  
  24  2:19  Warp Gate  
  25  2:34  Stargate  
  25  2:35  Probe (Chrono Boost)  
  26  2:42  Pylon  
  27  2:45  Probe (Chrono Boost)  
  27  2:53  Probe (Chrono Boost)  
  28  3:03  Probe (Chrono Boost)  
  29  3:06  Pylon  
  29  3:09  Robotics Facility  
  29  3:10  Probe, Pylon  
  30  3:22  Probe, Oracle (Chrono Boost)  
  34  3:27  Gateway  
  34  3:34  Probe  
  35  3:46  Probe (Chrono Boost)  
  36  3:56  Observer  
  36  3:58  Mothership Core (Chrono Boost)  
  36  4:02  Gateway  
  39  4:43  Immortal (Chrono Boost)  
  39  4:45  Phoenix  
  45  4:48  Nexus  
  45  4:49  Pylon  
  45  4:52  Probe, Forge  
  46  4:56  Twilight Council  
  46  5:00  Twilight Council  
  46  5:02  Pylon  
  46  5:14  Probe  
  47  5:26  Probe  
  48  5:29  Photon Cannon  
  48  5:31  Protoss Ground Weapons Level 1 (Chrono Boost)  
  48  5:35  Gateway  
  48  5:38  Probe  
  49  5:50  Probe  
  49  5:51  Pylon  
  54  6:06  Probe  
  53  6:22  Probe (Chrono Boost)  
  53  6:24  Warp Prism  
  52  6:32  Pylon  
  52  6:34  Phoenix (Chrono Boost)  
  52  6:35  Probe (Chrono Boost)  
  52  6:38  Fleet Beacon  
  55  6:41  Pylon  
  55  6:46  Photon Cannon  
  55  6:49  Assimilator  
  55  6:50  Probe (Chrono Boost)  
  55  6:53  Assimilator  
  55  6:54  Protoss Air Weapons Level 1  
  57  6:55  Probe (Chrono Boost)  
  57  6:59  Probe (Chrono Boost)  
  58  7:02  Probe (Chrono Boost)  
  58  7:07  Probe, Dark Shrine  
  60  7:13  Probe  
  61  7:19  Probe  
  61  7:21  Phoenix  
  62  7:36  Probe (Chrono Boost)  
  57  7:42  Zealot x3  
  57  7:43  Zealot  
  60  7:45  Probe (Chrono Boost)  
  60  7:51  Phoenix (Chrono Boost)  
  64  7:53  Probe (Chrono Boost)  
  64  7:54  Probe (Chrono Boost)  
  63  7:59  Probe  
  63  8:05  Gateway  
  64  8:09  Phoenix (Chrono Boost)  
  64  8:10  Zealot  
  64  8:11  Gateway, Adept  
  66  8:12  Gateway  
  66  8:14  Pylon  
  60  8:33  Phoenix (Chrono Boost)  
  62  8:44  Stargate  
  62  8:46  Carrier (Chrono Boost)  
  62  8:49  Gateway  
  62  8:56  Nexus, Assimilator  
  62  8:59  Pylon, Assimilator  
  62  9:03  Adept  
  62  9:08  Graviton Catapult (Chrono Boost), Protoss Air Weapons Level 2  
  70  9:20  Carrier (Chrono Boost)  
  68  9:36  Photon Cannon  
  67  9:42  Probe  
  68  9:46  Pylon  
  74  10:00  Pylon  
  74  10:02  Gateway  
  74  10:07  Carrier (Chrono Boost)  
  74  10:11  Observer (Chrono Boost)  
  75  10:25  Nexus, Observer (Chrono Boost)  
  75  10:26  Protoss Ground Weapons Level 2 (Chrono Boost)  
  76  10:34  Probe  
  83  10:46  Mothership Core (Chrono Boost)  
  83  10:49  Carrier (Chrono Boost)  
  86  10:52  Probe (Chrono Boost)  
  86  10:55  Probe (Chrono Boost)  
  87  10:59  Probe (Chrono Boost)  
  94  11:21  Forge  
  94  11:25  Pylon  
  94  11:26  Pylon, Stargate  
  94  11:27  Assimilator  
  94  11:31  Pylon  
  94  11:40  Probe x4  
  94  11:44  Carrier (Chrono Boost)  
  98  11:49  Pylon  
  98  11:53  Probe (Chrono Boost)  
  98  11:54  Probe (Chrono Boost)  
  100  11:59  Probe (Chrono Boost)  
  100  12:01  Probe (Chrono Boost), Protoss Air Weapons Level 3 (Chrono Boost)  
  102  12:08  Carrier (Chrono Boost)  
  110  12:10  Probe x2 (Chrono Boost)  
  116  12:30  Carrier (Chrono Boost)  
  116  12:31  Templar Archives  
  116  12:34  Pylon  
  116  12:38  Assimilator  
  116  12:39  Photon Cannon  
  122  12:54  Dark Templar x2  
  122  12:55  Dark Templar x2  
  130  12:58  Archon  
  130  13:01  Archon  
  130  13:08  Carrier (Chrono Boost)  
  130  13:22  Protoss Ground Weapons Level 3 (Chrono Boost)  
  130  13:25  Nexus  
  130  13:27  Protoss Shields Level 1 (Chrono Boost), Pylon  
  136  14:20  Dark Templar x4  
  136  14:21  Zealot  
  136  14:22  Zealot  
  138  14:36  Charge (Chrono Boost)  
  134  14:46  Protoss Air Armor Level 1 (Chrono Boost)  
  134  14:49  Carrier (Chrono Boost)  
  134  15:13  Carrier (Chrono Boost)  
  140  15:14  Pylon  
  140  15:17  Gateway x2  
  140  15:21  Gateway  
  140  15:25  Assimilator  
  146  15:29  Assimilator  
  146  15:31  Pylon  
  146  15:34  Photon Cannon  
  146  15:36  Nexus  
  146  15:41  Pylon  
  146  15:49  Pylon  
  146  15:50  Pylon  
  146  15:52  Pylon  
  146  15:53  Gateway x2  
  146  15:54  Robotics Bay  
  146  15:56  Pylon  
  146  16:00  Protoss Shields Level 2 (Chrono Boost)  
  146  16:06  Protoss Ground Armor Level 1 (Chrono Boost)  
  146  16:31  Warp Prism (Chrono Boost)  
  148  16:33  Carrier x2 (Chrono Boost)  
  148  16:34  Carrier (Chrono Boost)  
  148  16:35  Adept  
  150  16:45  Protoss Air Armor Level 2  
  164  17:31  Gateway  
  164  17:34  Gateway  
  164  17:36  Gateway  
  164  17:37  Gateway  
  164  17:39  Pylon  
  164  17:44  Warp Prism (Chrono Boost)  
  164  17:45  Assimilator  
  164  17:50  Assimilator  
  166  18:04  Pylon  
  166  18:07  Pylon  
  166  18:08  Pylon  
  152  19:00  Archon x2  
  134  19:09  Zealot x2  
  114  19:10  Zealot x5  
  114  19:11  Zealot x2  
  114  19:12  Zealot x4  
  128  19:20  Fleet Beacon  
  126  19:25  Stargate  
  126  19:26  Stargate  
  126  19:28  Stargate  
  126  19:30  Stargate  
  126  19:32  Pylon  
  121  19:40  Gateway  
  121  19:41  Gateway  
  121  19:42  Gateway, Probe (Chrono Boost)  
  121  19:44  Zealot x2  
  121  19:45  Probe (Chrono Boost), Zealot x5, Gateway  
  137  19:46  Zealot  
  137  19:47  Probe (Chrono Boost)  
  137  19:48  Probe (Chrono Boost)  
  142  19:53  Probe (Chrono Boost)  
  140  20:05  Carrier x2 (Chrono Boost)  
  138  20:08  Carrier x2 (Chrono Boost)  
  136  20:27  Cybernetics Core  
  158  20:28  Pylon  
  148  20:48  Cybernetics Core  
  148  20:49  Pylon  
  128  21:12  Nexus  
  128  21:15  Assimilator  
  152  21:20  Assimilator  
  152  21:22  Pylon  
  97  22:04  Stalker x2  
  97  22:05  Stalker x2  
  91  22:30  Zealot  
  91  22:31  Zealot x2  
  81  22:52  Gateway  
  81  22:55  Gateway  
  81  22:58  Pylon  
  77  23:28  Pylon  
  77  23:29  Nexus  
  77  23:33  Probe  
  54  23:45  Probe (Chrono Boost)  
  44  23:57  Probe (Chrono Boost)  
  44  24:00  Zealot x2  
  47  24:04  Probe (Chrono Boost)  
  35  24:22  Assimilator  
  35  24:23  Pylon  
  36  24:45  Probe  
  36  24:57  Probe  
  37  25:04  Gateway  
  36  25:10  Probe  
  37  25:21  Assimilator  
  37  25:22  Probe (Chrono Boost)  
  38  25:31  Probe (Chrono Boost)  
  39  25:39  Probe (Chrono Boost)  
  39  25:41  Nexus  
  40  25:44  Pylon  
  40  25:51  Probe (Chrono Boost)  
  40  25:52  Cybernetics Core  
  41  25:59  Probe (Chrono Boost)  
  42  26:08  Probe  
  43  26:20  Probe  
  44  26:27  Nexus  
  44  26:30  Stargate  
  44  26:32  Robotics Facility  
  44  26:34  Probe, Twilight Council  
  45  26:46  Probe (Chrono Boost)  
  44  26:55  Probe (Chrono Boost)  
  45  27:03  Probe (Chrono Boost)  
  46  27:11  Dark Shrine  
  46  27:19  Pylon  
  46  27:37  Probe, Phoenix  
  46  27:38  Observer  
  50  27:45  Nexus  
  50  27:51  Probe (Chrono Boost)  
  51  27:59  Observer  
  51  28:01  Probe (Chrono Boost)  
  53  28:08  Probe  
  54  28:32  Phoenix (Chrono Boost)  
  54  28:33  Pylon  
Show
View Real Time Build Order
Export as new Build Order

Zerarax Protoss - Winner!

Build Orders:  

Get SALT Encoding   

  12  0:01  Probe  
  13  0:14  Pylon  
  13  0:19  Probe  
  14  0:32  Probe (Chrono Boost)  
  15  0:45  Probe (Chrono Boost)  
  16  0:53  Probe (Chrono Boost)  
  17  1:11  Probe (Chrono Boost)  
  18  1:15  Gateway  
  18  1:21  Probe (Chrono Boost)  
  19  1:28  Probe (Chrono Boost)  
  20  1:40  Probe (Chrono Boost)  
  20  1:44  Assimilator  
  21  1:49  Probe (Chrono Boost)  
  22  2:00  Pylon  
  22  2:02  Cybernetics Core  
  22  2:07  Assimilator  
  22  2:17  Nexus  
  22  2:18  Probe  
  23  2:25  Pylon  
  23  2:29  Pylon  
  23  2:30  Probe  
  24  2:49  Forge  
  24  2:55  Mothership Core  
  26  3:01  Adept  
  28  3:09  Gateway  
  28  3:11  Gateway  
  28  3:31  Photon Cannon  
  28  3:42  Photon Cannon  
  28  3:46  Pylon  
  28  3:48  Probe (Chrono Boost), Pylon  
  29  3:52  Stargate  
  29  3:58  Probe (Chrono Boost)  
  29  4:01  Probe (Chrono Boost)  
  32  4:10  Probe (Chrono Boost)  
  32  4:17  Protoss Air Weapons Level 1 (Chrono Boost)  
  32  4:23  Probe (Chrono Boost)  
  34  4:27  Probe (Chrono Boost)  
  30  4:34  Probe (Chrono Boost)  
  30  4:38  Probe (Chrono Boost), Pylon  
  32  4:42  Void Ray  
  37  4:46  Probe (Chrono Boost)  
  38  4:55  Probe (Chrono Boost)  
  38  4:57  Probe (Chrono Boost)  
  39  5:02  Pylon  
  39  5:07  Probe (Chrono Boost)  
  40  5:16  Probe (Chrono Boost)  
  40  5:18  Nexus  
  42  5:21  Probe (Chrono Boost)  
  42  5:24  Pylon  
  42  5:26  Probe (Chrono Boost)  
  43  5:31  Void Ray (Chrono Boost)  
  47  5:36  Probe (Chrono Boost)  
  47  5:40  Probe (Chrono Boost)  
  49  5:47  Probe (Chrono Boost)  
  51  5:50  Protoss Shields Level 1, Probe (Chrono Boost)  
  49  6:08  Void Ray (Chrono Boost)  
  53  6:13  Pylon  
  53  6:14  Probe  
  53  6:17  Pylon  
  54  6:36  Photon Cannon  
  52  6:40  Photon Cannon  
  44  7:07  Assimilator  
  44  7:11  Assimilator  
  44  7:39  Probe (Chrono Boost)  
  44  7:43  Void Ray  
  49  7:49  Probe (Chrono Boost)  
  50  7:53  Stargate  
  50  7:55  Stargate  
  50  8:16  Photon Cannon  
  50  8:18  Pylon  
  50  8:31  Pylon  
  50  8:33  Pylon, Photon Cannon  
  52  8:36  Probe (Chrono Boost)  
  52  8:38  Probe x2 (Chrono Boost)  
  53  8:43  Void Ray x2 (Chrono Boost)  
  53  8:44  Void Ray (Chrono Boost)  
  53  8:45  Probe (Chrono Boost)  
  53  8:46  Probe x2 (Chrono Boost)  
  68  8:50  Photon Cannon  
  68  8:51  Photon Cannon  
  65  9:01  Pylon  
  65  9:20  Void Ray (Chrono Boost)  
  65  9:23  Photon Cannon  
  69  9:27  Photon Cannon  
  69  9:32  Assimilator  
  69  9:37  Assimilator  
  69  9:38  Void Ray  
  73  9:44  Probe (Chrono Boost)  
  74  9:52  Void Ray  
  79  9:54  Probe (Chrono Boost)  
  79  10:01  Probe  
  80  10:08  Fleet Beacon  
  80  10:13  Probe (Chrono Boost)  
  81  10:24  Probe (Chrono Boost)  
  84  10:29  Probe (Chrono Boost)  
  84  10:31  Probe (Chrono Boost)  
  84  10:33  Probe (Chrono Boost)  
  85  10:37  Probe (Chrono Boost)  
  94  10:44  Void Ray (Chrono Boost)  
  94  10:45  Void Ray (Chrono Boost)  
  94  10:46  Probe (Chrono Boost)  
  94  10:47  Carrier (Chrono Boost)  
  95  10:56  Probe (Chrono Boost)  
  96  11:03  Probe  
  103  11:09  Protoss Air Weapons Level 2 (Chrono Boost)  
  103  11:15  Probe (Chrono Boost)  
  104  11:19  Twilight Council  
  104  11:27  Probe (Chrono Boost), Oracle (Chrono Boost)  
  104  11:31  Graviton Catapult  
  108  11:35  Probe (Chrono Boost)  
  111  11:40  Probe (Chrono Boost)  
  111  11:45  Probe x2 (Chrono Boost)  
  112  11:50  Probe (Chrono Boost), Carrier (Chrono Boost)  
  112  11:51  Carrier (Chrono Boost)  
  112  11:53  Probe (Chrono Boost)  
  114  12:06  Protoss Shields Level 2 (Chrono Boost)  
  126  12:10  Carrier (Chrono Boost)  
  132  12:38  Probe (Chrono Boost)  
  133  12:48  Probe (Chrono Boost)  
  134  12:55  Probe  
  134  12:58  Protoss Air Weapons Level 3 (Chrono Boost), Carrier (Chrono Boost)  
  135  13:06  Nexus  
  135  13:07  Probe  
  135  13:08  Pylon  
  136  13:20  Robotics Facility  
  136  13:23  Pylon  
  136  13:25  Pylon  
  136  13:26  Pylon  
  139  13:49  Void Ray x2  
  130  14:12  Photon Cannon  
  130  14:13  Photon Cannon  
  130  14:15  Photon Cannon  
  130  14:19  Photon Cannon  
  130  14:22  Pylon  
  130  14:24  Pylon  
  130  14:36  Observer  
  131  14:40  Photon Cannon  
  130  15:09  Void Ray x2  
  130  15:10  Tempest  
  142  15:39  Nexus  
  142  15:41  Pylon  
  148  16:29  Probe  
  148  16:30  Probe  
  148  16:31  Photon Cannon  
  150  16:42  Probe x2  
  152  16:54  Protoss Shields Level 3 (Chrono Boost)  
  152  17:03  Assimilator  
  152  17:06  Assimilator  
  152  17:37  Photon Cannon  
  152  17:40  Photon Cannon  
  152  17:41  Photon Cannon  
  152  17:43  Pylon  
  152  17:57  Void Ray x2  
  160  18:03  Void Ray  
  132  19:33  Photon Cannon  
  132  19:35  Photon Cannon  
  132  19:37  Mothership Core, Photon Cannon  
  134  20:25  Gateway  
  134  20:27  Pylon  
  134  20:53  Pylon  
  134  20:56  Pylon  
  134  20:58  Pylon  
  134  21:00  Pylon  
  134  21:02  Pylon  
  134  21:18  Cybernetics Core  
  132  22:20  Nexus  
  132  22:22  Pylon  
  92  22:52  Nexus  
  91  23:22  Nexus  
  91  23:53  Pylon  
  88  24:50  Nexus  
  88  24:51  Pylon  
  88  25:22  Pylon  
  88  25:25  Pylon  
  88  25:37  Pylon  
  88  27:00  Pylon  
  84  28:45  Pylon  
Tags
 
Add a new tag
Caveats
  • Supply blocks, unpowered buildings, or Contaminate may cause inaccurate times.
  • Supply counts are checked every 10 seconds.